Cogmind - Beta 15 @@@ ROGUE MODE // 2025.05.13 @ 11:43:34 Player: Bbenedict8 Result: Destroyed by G-34 Mercenary with Small Laser Performance ------------- Evolutions (0) 0 Regions Visited (1) 200 Robots Destroyed (13) 65 Value Destroyed (309) 309 Prototype IDs (2) 40 Alien Tech Used (0) 0 Bonus (0) 0 TOTAL SCORE: 614 Bonus ------- None Cogmind --------- Core Integrity 0/250 Matter 295/300 Energy 250/250 System Corruption 0% Temperature Warm (102) Movement Treading (320) Ox2 Location -10/Materials Parts ------- > --- POWER (1) -------- Ion Engine > --- PROPULSION (2) --- Light Treads > --- UTILITY (2) ------ High-capacity Storage Unit > --- WEAPON (2) ------- Small Laser Light Assault Rifle > --- INVENTORY (20) --- Light Treads Compact Wheel Large Matter Pod (150) Small Laser Peak State ------------ > --- POWER ------------ Light Ion Engine > --- PROPULSION ------- Compact Wheel Compact Wheel > --- UTILITY ---------- Small Storage Unit High-capacity Storage Unit > --- WEAPON ----------- EM Pulse Gun Medium Laser > --- INVENTORY -------- Light Treads Light Treads Small Laser [Rating: 7] Favorites ----------- Power Ion Engine Engine Ion Engine Propulsion Light Treads Treads Light Treads Wheel Compact Wheel Utility High-capacity Storage Unit Storage High-capacity Storage Unit Weapon Small Laser Energy Gun Small Laser Ballistic Gun Light Assault Rifle Build | -11 -10 ------- Run | Yrd Mat Slots Evolved . | . . Power . | . . Propulsion . | . . Utility . | . . Weapon . | . . Parts Attached 16 | 7 9 Power 3 | 1 2 Engine 3 | 1 2 Core . | . . Reactor . | . . Propulsion 5 | 3 2 Treads 3 | 1 2 Leg . | . . Wheel 2 | 2 . Hover . | . . Flight . | . . Utility 2 | 1 1 Device . | . . Storage 2 | 1 1 Processor . | . . Hackware . | . . Protection . | . . Artifact . | . . Weapon 6 | 2 4 Energy Gun 5 | 2 3 Energy Cannon . | . . Ballistic Gun 1 | . 1 Ballistic Cannon . | . . Launcher . | . . Special Weapon . | . . Impact Weapon . | . . Slashing Weapon . | . . Piercing Weapon . | . . Special Melee Weapon . | . . Unidentified Prototypes . | . . Parts Lost 7 | . 7 Power 2 | . 2 Propulsion 2 | . 2 Utility . | . . Weapon 3 | . 3 Highest Loss Streak 5 | . 5 To Critical Strikes . | . . Average Backups 3 | 2 3 Power . | . . Propulsion 1 | 1 1 Utility . | . . Weapon . | . . Tool/Special . | . . Unused Backups 2 | . 2 Power . | . . Propulsion . | . . Utility 2 | . 2 Weapon . | . . Tool/Special . | . . Average Slot Usage (%) 63 | . 63 Engine 5 | . 5 Treads 24 | . 24 Wheel 2 | . 2 Storage 14 | . 14 Energy Gun 10 | . 10 Ballistic Gun 5 | . 5 Peak Build Rating 7 | 6 7 Average Rating 4 | 4 4 On Entrance 3 | . 6 Naked Turns . | . . Heaviest Build 47 | 12 47 Greatest Support 40 | 20 40 Greatest Overweight (x) 2 | . 2 Average Overweight (x) . | . . Largest Inventory Capacity 20 | 8 20 Average Capacity 18 | 6 19 Most Carried 4 | 3 4 Average Carried 3 | 2 3 Final Capacity 20 | 8 20 Final Carried 4 | 3 4 Class Distribution -------------------- 100% | Mutant Dominant Class ---------------- Mutant | -10/Materials Resources | -11 -10 ----------- Run | Yrd Mat Matter Collected 494 | 229 265 Remotely . | . . Salvage Created 359 | . 359 Parts 22 | . 22 Haulers Intercepted . | . . Recyclers Shooed 4 | . 4 Parts Field Recycled . | . . Retrieved Matter . | . . Parts Self-Destructed . | . . Prevented . | . . Kills | -11 -10 ------- Run | Yrd Mat Combat Hostiles Destroyed 10 | . 10 Melee 4 | . 4 Guns 6 | . 6 Classes Destroyed 4 | . 4 Recycler 2 | . 2 Operator 1 | . 1 Swarmer 3 | . 3 Grunt 7 | . 7 Best Kill Streak 5 | . 5 Combat Bots Only 5 | . 5 Max Kills in Single Turn 1 | . 1 Gunslinging . | . . Exploded . | . . Melee 1 | . 1 Uniques/NPCs Destroyed . | . . Combat | -11 -10 -------- Run | Yrd Mat Hostile Shots Fired 135 | . 135 Missed 32 | . 32 Hits 103 | . 103 Projectile 103 | . 103 Critical Strikes 1 | . 1 Damage Taken 1119 | . 1119 Core 255 | . 255 Absorbed by Shields . | . . Core Remaining (%) 100 | 100 . Volleys Fired 41 | . 41 Largest 2 | . 2 Hottest 90 | . 90 Shots Fired 69 | . 69 Gun 69 | . 69 Cannon . | . . Launcher . | . . Special . | . . Kinetic 21 | . 21 Thermal 45 | . 45 Explosive . | . . Electromagnetic 3 | . 3 Robot Hit Streak 11 | . 11 Robot Miss Streak 3 | . 3 Penetration Max . | . . Secondary Targets . | . . Shots Hit Robots 47 | . 47 Core Hits 18 | . 18 Critical Kills . | . . Critical Parts Destroyed . | . . Critical Strikes 1 | . 1 Burn 1 | . 1 Melee Attacks . | . . Impact . | . . Slashing . | . . Piercing . | . . Sneak Attacks . | . . Combat Hostiles . | . . Follow-up Attacks . | . . Damage Inflicted 568 | . 568 Guns 513 | . 513 Cannons . | . . Explosions . | . . Melee . | . . Ramming 55 | . 55 Kinetic 119 | . 119 Thermal 383 | . 383 Explosive . | . . Electromagnetic 11 | . 11 Impact . | . . Slashing . | . . Piercing . | . . Highest Corruption . | . . Average Corruption . | . . Corruption Purged . | . . Corruption Blocked . | . . Overload Shots . | . . Overflow Damage . | . . Projectiles . | . . Explosions . | . . Melee . | . . Knockbacks . | . . Impact . | . . Kinetic . | . . Secondary . | . . Self-Inflicted Damage . | . . Shots . | . . Rammed 13 | . 13 Targets Rammed 17 | . 17 Kicked . | . . Crushed 4 | . 4 Highest Temperature 264 | . 264 Average Temperature 72 | . 72 Received Heat Transfer 522 | . 522 Effects 1 | . 1 Interference 1 | . 1 Siege Activations . | . . Martial Activations . | . . Shielding Activations . | . . Robots Disrupted . | . . Combat Hostiles . | . . Robots Corrupted . | . . Combat Hostiles . | . . Parts Fried . | . . Impact Corruptions . | . . Robots Melted . | . . Combat Hostiles . | . . Parts Melted 1 | . 1 Heat Transferred 971 | . 971 Parts Sabotaged . | . . Parts Stolen . | . . Parts Stripped . | . . Power Chain Reactions . | . . Alert | -11 -10 ------- Run | Yrd Mat Maximum Alert Level . | . . Low Security (%) 100 | 100 100 Level 1 . | . . Level 2 . | . . Level 3 . | . . Level 4 . | . . Level 5 . | . . High Security . | . . Max Security . | . . Peak Influence 70 | . 70 Initial . | . . Average 14 | . 16 Influence Increases 255 | . 255 Destroy 0b10 Robot/C 200 | . 200 Destroy 0b10 Robot/NC 15 | . 15 Destroy Leader 40 | . 40 Influence Decreases 225 | . 225 Time Decay 185 | . 185 Lost Part 40 | . 40 Squads Dispatched 3 | . 3 Investigation . | . . Extermination . | . . Reinforcement 3 | . 3 Assault . | . . Garrison . | . . Intercept . | . . Searches Triggered . | . . Construction Impeded . | . . Haulers Reinforced . | . . Active Scanning Responses . | . . Cargo Convoy Interrupts . | . . Stealth | -11 -10 --------- Run | Yrd Mat Distress Signals 1 | . 1 Communications Jammed . | . . Distress Signals . | . . Times Spotted 16 | . 16 Peak Tracking Total 5 | . 5 Tactical Retreats . | . . Traps | -11 -10 ------- Run | Yrd Mat Traps Triggered . | . . Indirectly . | . . Trap Hack Attempts . | . . Triggered . | . . Disarmed . | . . Reprogrammed . | . . Reused . | . . Traps Extracted . | . . Installed . | . . Triggered . | . . Machines | -11 -10 ---------- Run | Yrd Mat Machines Disabled . | . . Max in Single Turn . | . . Machines Repaired . | . . Machines Dismantled . | . . Machines Sabotaged . | . . Overloaded Fab Kills . | . . Hacking | -11 -10 --------- Run | Yrd Mat Machines Accessed 2 | . 2 Terminals 1 | . 1 Fabricators . | . . Repair Stations . | . . Recycling Units 1 | . 1 Scanalyzers . | . . Garrison Access . | . . Total Hacks 4 | . 4 Successful 3 | . 3 Failed 1 | . 1 Catastrophic . | . . Database Lockouts . | . . Manual . | . . Terminals 2 | . 2 Fabricators . | . . Repair Stations . | . . Recycling Units 2 | . 2 Scanalyzers . | . . Garrison Access . | . . Terminal Hacks 2 | . 2 Prototype ID Bank 1 | . 1 Alert Level 1 | . 1 Fabricator Hacks . | . . Repair Station Hacks . | . . Recycling Unit Hacks 1 | . 1 Retrieve Components 1 | . 1 Scanalyzer . | . . Garrison Access Hacks . | . . Unauthorized Hacks . | . . Terminals . | . . Fabricators . | . . Repair Stations . | . . Recycling Units . | . . Scanalyzers . | . . Garrison Access . | . . Data Cores Recovered . | . . Used . | . . Hacking Detections 2 | . 2 Full Trace Events . | . . Feedback Events . | . . Feedback Blocked . | . . Robot Schematics Acquired . | . . Robots Built . | . . Authchips . | . . Time . | . . Total Robot Build Rating . | . . Part Schematics Acquired . | . . Parts Built . | . . Authchips . | . . Time . | . . Total Part Build Rating . | . . Parts Repaired . | . . Time . | . . Parts Recycled . | . . Recycled Matter . | . . Retrieved Matter . | . . Retrieved Components 1 | . 1 Parts Scanalyzed . | . . Part Schematics Acquired . | . . Parts Damaged . | . . Bothacking | -11 -10 ------------ Run | Yrd Mat Used RIF Installer . | . . Robots Hacked . | . . Non-combat . | . . Combat . | . . Robot Hacks Applied . | . . Relay Couplers Released . | . . Fabnet Peak Effective % . | . . Robots Rewired . | . . Allies Hacked . | . . Hacks Repelled . | . . Allies | -11 -10 -------- Run | Yrd Mat Total Allies . | . . Largest Group . | . . Highest-Rated Group . | . . Highest-Rated Ally . | . . Total Orders . | . . Ally Attacks . | . . Total Damage . | . . Kills . | . . Allies Corrupted . | . . Allies Melted . | . . Intel | -11 -10 ------- Run | Yrd Mat Active Infowar (turns) . | . . Robot Analysis Total . | . . Derelict Logs Recovered . | . . Drone Launches . | . . Drone Recoveries . | . . Exploration | -11 -10 ------------- Run | Yrd Mat Turns Passed 719 | 61 658 Spaces Moved 308 | 48 260 Core 3 | 3 . Treads 231 | 2 229 Legs . | . . Wheels 74 | 43 31 Hover . | . . Flight . | . . Fastest Speed 50 | 50 100 Average Speed 176 | 99 190 Slowest Speed 240 | 160 240 Overloaded Moves . | . . Propulsion Burnouts . | . . Robots Hopped . | . . Potential Cave-ins . | . . Cave-ins Triggered . | . . Exploration Rate (%) 23 | 3 44 Regions Visited 1 Branch Regions . Pre-discovered Areas . | . . Known Exits Taken . | . . Unknown Exits Taken 1 | 1 . Scrap Searched . | . . Spaces Dug . | . . Terrain Destroyed . | . . Melee . | . . Projectile . | . . AOE . | . . Terrain Rammed . | . . Walls Destroyed . | . . Machines Disabled . | . . Actions | -11 -10 --------- Run | Yrd Mat Total 397 | 57 340 Wait 7 | . 7 Move 307 | 47 260 Hop . | . . Pick Up 5 | 3 2 Fast Attach 11 | 6 5 Attach 2 | . 2 Detach . | . . Swap 5 | 1 4 Drop 2 | . 2 Fire 41 | . 41 Melee . | . . Ram . | . . Kick . | . . Crush 17 | . 17 Escape Stasis . | . . Rewire . | . . Trap . | . . Miscellaneous . | . . Route ------- -11/Scrapyard -10/Materials (discovered 1 exit: [*Min]) History --------- Turn | Location | Event 21 | -11/Scrapyard | Discovered new exit (range 15) 62 | -11/Scrapyard | Entered Materials 137 | -10/Materials | Core integrity fell below 50% 161 | -10/Materials | Lost 5 parts (1p1n3w) 311 | -10/Materials | Build established: Mutant 434 | -10/Materials | Discovered new exit (range 7) 529 | -10/Materials | Core integrity fell below 20% 720 | -10/Materials | Destroyed by G-34 Mercenary with Small Laser Last Messages --------------- 00408_ Acquired 43 matter. 00434_ EXIT=FOUND 00448_ Acquired Lgt. Assault Rifle. 00491_ O-16 Technician destroyed. 00494_ R-06 Scavenger collects Hacking Suite. 00524_ G-34 Mercenary destroyed. 00534_ Ion Engine melted. 00534_ G-34 Mercenary destroyed. 00537_ Acquired 31 matter. 00543_ R-06 Scavenger collects Ion Engine. 00547_ R-06 Scavenger destroyed. 00555_ Acquired Ion Engine. 00575_ Acquired 38 matter. 00615_ R-06 Scavenger collects Aluminum Leg. 00637_ Acquired 11 matter. 00683_ W-16 Scout sends out distress signal. 00685_ ALERT: Hostiles spotted, dispatching reinforcements to Terminal M007. 00707_ Lgt. Treads destroyed. 00710_ G-34 Mercenary destroyed. Map ----- +----------------------------------------------------+ | ?????##"!!!"### """ #??????????????????????? | | ?????#"" ""## =""" #??????????????????????? | | ?????# ## #??????????????????????? | | ?????# < ## """ #??????????????????????? | | ?????# ## =""" #??????????????????????? | | ?????# ## """ #??????????????????????? | | ??????# #?# #??????????????????????? | | ######## #??####+###??????????????????????? | | # # ##### #??????????????????????? | | #""" + #??????????????????????? | | #""" # #??????????????????????? | | #""" # #??????????????????????? | | # # ##### #??????????????????????? | | #""" # ########w##??????????????????????? | | #""" # % # # #???????????????????????? | | #""" # # """ # #???????????????????????? | | # # %# "Y" # #??????????????????? #??? | | #""" # # # #####?????????????? #??? | | #""" # # #r ############## #??? | | #""" = # + """" # #??? | | # + # """" # #??? | | ######## # """" # g # | | ?#####?# # # ########+#######?#### | | # ?# # ## ##???# #???# ! | | # "T" + # ## #????#""""" #???# | | # """ # + ##@ #????#""""" #???# | | # + ######### #????#""""" #???# | | ??#######+#######??# #????#""""" #???# | | ??# #??#=g #????#""""" #???## | | ??# #??#% #????#""""" #????# | | ??# #??# #????#""""" !=#????# | | ??# #??# #????# ! #????# | | ??# #??# #????########/#????# | | ??# #??# #?????????### ###??# | | ??###############??? ########### #### | | ???????????????????? | | ???????????????????? " | | ???????????????????? * | | ????????????????????##T########### #####+ | | ??????????????????????#??????????## ## """ | | ??????????????????????????????????# ## "T" | | ??????????????????????????????????# ## | | ??????????????????????????????????# ## | | ??????????????????????????????????# ## | | ??????????????????????????????????# ####### | | ??????????????????????????????????# #?????? | | ??????????????????????????????????# #?????? | | ??????????????????????????????????# ??????? | | ??????????????????????????????????# ??????? | | ??????????????????????????????????# ??????? | +----------------------------------------------------+ Best States ------------- Heat Dissipation 25 Energy Generation 10 Energy Capacity 250 Matter Stores 300 Matter Capacity 300 Sight Range 16 Terrain Scan Density 10 Evasion (%) 40 Recoil Reduction 2 Item Schematics ----------------- None Robot Schematics ------------------ None Fabricated ------------ Nothing Repaired ---------- Nothing Alien Tech Used ----------------- None Achievements -------------- None Challenges ------------ None Game ------ Seed ControlPlexusStatue Manual? 0 Play Time 00:08:22 Cumulative 47.0 hours Start 2025.05.13 @ 11:36:24 End 2025.05.13 @ 11:43:34 Sessions 1 Manual Loads 0 Difficulty Rogue Special Mode None Game No. 44 Rogue 42 Adventurer 2 Explorer 0 Win Type - Total 0 Types 0/0/0/0/0/0/0/0/0/0 Lore% 39 Gallery% 33 Achievement% 34 Wizard Run 0 Options --------- Layout 0 ASCII 0 Keyboard 0 Movement Mouse Keybinds 0 Fullscreen 1 Font 24/Smallcaps Map View 76x50 Zoom Use 0% Tactical HUD 1 Map Filters NONE Filters NONE Steam 1 RUN: 835f877f-34de-4f6c-8568-eb56c5777a95